 Dungeon Crawl Stone Soup version 0.27.1-34-g3ba077fa99 (webtiles) character file.

Game seed: 6056602958423478621

9 cbfl8 the Sneak (level 2, 0/27 HPs)
             Began as a Minotaur Delver on Jan 20, 2022.
             Succumbed to an adder's poison
             ... on level 5 of the Dungeon.
             The game lasted 00:00:16 (53 turns).

cbfl8 the Sneak (Minotaur Delver)                     Turns: 53, Time: 00:00:17

Health: 0/27       AC:  3    Str: 16    XL:     2   Next: 6%
Magic:  1/1        EV: 11    Int:  7    God:
Gold:   0          SH:  0    Dex: 11    Spells: 1/1 levels left

rFire    . . .     SeeInvis .   a - +0 hand axe
rCold    . . .     Faith    .   (no shield)
rNeg     . . .     Spirit   .   b - +0 leather armour
rPois    .         Reflect  .   (helmet restricted)
rElec    .         Harm     .   (no cloak)
rCorr    .         Rampage  .   (no gloves)
Will     .....                  (no boots)
Stlth    ++........             (no amulet)
HPRegen  0.09/turn              (no ring)
MPRegen  0.07/turn              (no ring)

@: lethally poisoned (0 -> -7)
A: horns 2, retaliatory headbutt
a: no special abilities


You were on level 5 of the Dungeon.
You visited 1 branch of the dungeon, and saw 1 of its levels.

Inventory:

Hand Weapons
 a - a +0 hand axe (weapon)
Armour
 b - a +0 leather armour (worn)
Wands
 g - a wand of digging (3)
Scrolls
 c - a scroll of fog
 e - a scroll of fear
Potions
 d - a potion of ambrosia {unknown}
 f - a potion of haste
 h - a potion of curing {unknown}


   Skills:
 + Level 3.7 Fighting
 + Level 2.5 Axes
 + Level 2.2 Dodging
 + Level 4.4 Stealth


You had one spell level left.
You didn't know any spells.
Your spell library was empty.

Dungeon Overview and Level Annotations

Branches:
Dungeon (5/15)
 Temple: D:4-7

Altars:


Innate Abilities, Weirdness & Mutations

You have a pair of horns on your head.
You reflexively headbutt those who attack you in melee.


Message History

Found a chain mail.
h - a silvery potion An orc comes into view.
It is wielding a +0 flail.
The orc moves out of view. 2 orcs come into view.
The orc shouts!
You hear an angry hiss. x2
An adder comes into view.
Found a stone staircase leading up.
The orc shouts! x2; You hear a shout!
An adder comes into view.
Found 13 stones.
An orc comes into view. It is wielding a +0 whip.
Things that are here:
a +0 chain mail; a scroll labelled BOBIRH QA QESUTA You hit the adder.
The adder is moderately wounded.
You hit the orc but do no damage. The adder closely misses you.
The orc hits you with a +0 flail!
You hit the adder.
The adder is heavily wounded.
You hit the orc. The adder barely misses you. You furiously retaliate!
You headbutt the adder. The adder bites you.
The adder bites you but does no damage.
You hit the adder.
You kill the adder!
You hit the adder. You hit the orc but do no damage. The adder misses you.
The orc barely misses you. You furiously retaliate!
You headbutt the orc.
You have reached level 2!
You hit the orc but do no damage.
The orc is moderately wounded.
You hit the orc but do no damage. You closely miss the adder.
The adder bites you.
You are poisoned.
The adder poisons you! The orc hits you with a +0 flail!
* * * LOW HITPOINT WARNING * * *
The adder misses you. The orc barely misses you.
You barely miss the orc.
The orc is moderately wounded.
You hit the adder. You barely miss the orc.
You die...

***** ***** *,,,, *,.,* *,***
*##<.,****,*** *##....,,,,,,,,,
########## ###......,,,**,***
.........# #@oo.....,,,**,***
########.#######So......,****,**,
# #........o.......,* *,**, #
#..######......#.** *,**, #
###**#..# #...#..#,*** *,**, #
#..,....# ###......,,* *,,,, #
#.####.## *,..#.#.*,******, # #.#
#.# *,#.#,#,,,,,,,**, # #.# #.#
****,*.#,*,*,,,,,,,,


You could see an adder and 4 orcs.

Vanquished Creatures
  An adder (D:5)
1 creature vanquished.

Notes
Turn   | Place    | Note
-------+----------+-------------------------------------------
     0 | D:5      | cbfl8 the Minotaur Delver began the quest for the Orb.
     0 | D:5      | Reached XP level 1. HP: 19/19 MP: 0/0
    52 | D:5      | Reached XP level 2. HP: 11/27 MP: 1/1
    53 | D:5      | Succumbed to an adder's poison

Illustrated notes

Levels and vault maps discovered:
D:5:      layout_loops_ring, grunt_temple_overflow_lords_of_destruction,
          gammafunk_ghost_gnarly_gnolls, minmay_manual_macuahuitl

Action                   || total
-------------------------++-------
Melee: Hand axe          ||     5
  Use: Scroll            ||     1
Armor: Leather armour    ||     1
Dodge: Dodged            ||     6
